 Dungeon Crawl Stone Soup version 0.31-a0-1227-g0136665373 (webtiles) character file.

Game seed: 1287761277835154872

269 LeprechaunX the Changeling (level 6, -2/41 HPs)
             Began as an Octopode Shapeshifter on Dec 14, 2023.
             Slain by a hound (3 damage)
             ... on level 5 of the Dungeon.
             The game lasted 00:03:09 (3198 turns).

LeprechaunX the Changeling (Octopode Shapeshifter)  Turns: 3198, Time: 00:03:10

Health: -2/41      AC:  1    Str: 14    XL:     6   Next: 22%
Magic:  6/6        EV: 13    Int: 12    God:
Gold:   178        SH:  0    Dex: 19    Spells: 5/5 levels left

rFire   + . .        m - +4 hand axe
rCold   x . .        (no shield)
rNeg    . . .        (helmet currently unavailable)
rPois   .            (no amulet)
rElec   .            v - +6 ring of dexterity
rCorr   .            t - ring of fire
SInv    .            (no ring)
Will    .....        (no ring)
Stlth   +++          (no ring)
HPRegen 0.26/turn    (no ring)
MPRegen 0.10/turn    (no ring)
                     (no ring)

%: no passive effects
@: beast-form
A: beast (slay +2), almost no armour, amphibious, 8 rings, camouflage 1,
gelatinous body 1, (nimble swimmer 1), tentacles
a: Begin Untransformation


You were on level 5 of the Dungeon.
You were a hulking beast.
You visited 1 branch of the dungeon, and saw 5 of its levels.

You collected 178 gold pieces.

Inventory:

Hand Weapons
 m - a +4 hand axe (weapon)
 B - a +0 sling
Missiles
 n - 5 darts of dispersal
 w - 3 boomerangs
 y - 4 atropa-tipped darts
Armour
 e - a +1 hat
Jewellery
 t - a ring of fire (right tentacle)
 v - a +6 ring of dexterity (left tentacle)
Talismans
 b - a beast talisman
 c - a flux talisman
Wands
 z - a wand of roots (7)
Scrolls
 f - a scroll of fog {unknown}
 g - 2 scrolls of enchant armour {unknown}
 j - a scroll of poison {unknown}
 k - a scroll of teleportation {unknown}
 l - 3 scrolls of identify {unknown}
 o - 3 scrolls of noise {unknown}
 q - 2 scrolls of amnesia {unknown}
 s - a scroll of torment {unknown}
 A - a scroll of vulnerability {unknown}
Potions
 a - 3 potions of lignification
 d - 2 potions of curing {unknown}
 h - a potion of cancellation {unknown}
 i - 2 potions of might {unknown}
 p - 2 potions of resistance {unknown}
 r - a potion of haste {unknown}
 u - a potion of brilliance {unknown}
 x - a potion of invisibility {unknown}


   Skills:
 + Level 2.7 Fighting
 + Level 2.0 Throwing
 - Level 2.0 Dodging
 + Level 4.1 Unarmed Combat
 * Level 4.6 Shapeshifting


You had 5 spell levels left.
You didn't know any spells.
Your spell library was empty.

Dungeon Overview and Level Annotations

Branches:
Dungeon (5/15)
 Temple: D:4-7

Altars:
Dithmenos

Annotations:
D:5 Grinder


Innate Abilities, Weirdness & Mutations

You are a hulking beast.
Your limbs bulge with bestial killing power. (Slay +2)
You cannot wear most types of armour.
You are amphibious.
You can wear up to eight rings at the same time.
Your skin changes colour to match your surroundings (Stealth+).
Your rubbery body absorbs attacks. (AC +1, EV +1)
((You are camouflaged when in or above water. (Stealth+)))
You have tentacles for arms and can constrict up to eight enemies at once.


Message History

The gnoll misses you.
You hit the gnoll.
You kill the gnoll!
Your Throwing skill increases to level 2!
You climb downwards.
Level annotation: Grinder The hound barely misses you.
The hound completely misses you.
There is a stone staircase leading up here.
You hit the hound. Your grab misses the hound.
The hound is moderately wounded.
The hound bites you. x2
The hound closely misses you. The gnoll misses you.
The hound completely misses you.
You hit the gnoll. Your grab misses the gnoll.
The gnoll is lightly wounded.
You barely miss the hound. The hound bites you but does no damage.
The gnoll barely misses you. The gnoll misses you. The hound bites you.
You barely miss the gnoll. You grab the gnoll.
The gnoll is lightly wounded.
You closely miss the hound. You constrict the gnoll. The hound bites you.
The gnoll hits you with a +0 spear. The gnoll closely misses you.
The hound bites you. The gnoll completely misses you.
The gnoll hits you with a +0 spear!
* * * LOW HITPOINT WARNING * * *
You slash the gnoll!
The gnoll is severely wounded.
You hit the hound. You constrict the gnoll.
You kill the gnoll!
The hound bites you.
* * * LOW HITPOINT WARNING * * *
The gnoll barely misses you. The hound barely misses you.
Found a stone staircase leading down.
The gnoll hits you with a +0 halberd!
* * * LOW HITPOINT WARNING * * *
Unknown command.
You completely miss the gnoll. Your grab misses the gnoll.
You squeeze the gnoll!
The gnoll is severely wounded.
You closely miss the hound. The hound misses you. The gnoll closely misses you.
The hound bites you.
You die...

#.#### ##.#...
... #......##
..... ........#
.....
........###.#...
................
...............
......ghh..##
>.##...)....#
##...<..##
#........#
#...........#
###.....##....
#...... ....
........ ...
......... ..


You could see a hound and a gnoll.

Vanquished Creatures
  A hound (D:3)
  An iguana (D:3)
  3 gnolls
  12 adders
  3 dart slugs
  5 orcs (D:4)
  5 ball pythons
  5 bats (D:1)
  5 endoplasms
  3 giant cockroaches
  7 goblins
  5 hobgoblins
  3 jackals (D:1)
  4 kobolds
  3 quokkas
  4 frilled lizards
  3 rats
72 creatures vanquished.

Notes
Turn   | Place    | Note
-------+----------+-------------------------------------------
     0 | D:1      | LeprechaunX the Octopode Shapeshifter began the quest for
                  | the Orb.
     0 | D:1      | Reached XP level 1. HP: 13/13 MP: 1/1
   101 | D:1      | Reached XP level 2. HP: 18/18 MP: 2/2
   505 | D:1      | Reached XP level 3. HP: 23/23 MP: 3/3
   944 | D:2      | Found a shadowy altar of Dithmenos.
  1291 | D:2      | Reached XP level 4. HP: 29/29 MP: 4/4
  1981 | D:3      | Reached skill level 1 in Throwing
  2002 | D:3      | Reached XP level 5. HP: 22/34 MP: 5/5
  2997 | D:4      | Reached XP level 6. HP: 36/41 MP: 6/6
  3140 | D:5      | Entered Level 5 of the Dungeon
  3140 | D:5      | Noticed Grinder
  3140 | D:5      | Noticed a water moccasin
  3197 | D:5      | HP: 1/41 [gnoll/+0 halberd (10)]
  3198 | D:5      | Slain by a hound

Illustrated notes

Levels and vault maps discovered:
D:1:      onia_arrival_mini_maze_b, layout_basic
D:2:      layout_basic, basic_altar, minivault_26
D:3:      layout_basic, chequers_serial_rivers_micro_a, minmay_ruptured
D:4:      layout_rooms, serial_co_window_serial, co_window_paths_a,
          co_window_corner_a, co_window_corner_a, co_window_corner_a,
          co_window_of_opportunity_a, co_window_2corner,
          co_window_unsneaky_path_a, co_window_paths_c, glass_columns_b,
          glass_columns_b
D:5:      layout_cave_pools, led_xom_imps, serial_shops,
          nicolae_shop_pleasant_corner_grove, uniq_grinder

Skill      XL: |  1  2  3  4  5  6 |
---------------+-------------------+-----
Fighting       | 2 |  2.7
Shapeshifting  | 4 |  4.6
Throwing       | 1 2 |  2.0
Unarmed Combat | 4 |  4.1
Dodging        | |  2.0

Action                     |  1- 3 |  4- 6 || total
---------------------------+-------+-------++-------
  Melee: Unarmed           |    34 |       ||    34
         Tentacles         |     7 |    19 ||    26
         Constrict         |     8 |    23 ||    31
         Hand axe          |    11 |    76 ||    87
         Punch             |       |     4 ||     4
   Stab: Sleeping          |     5 |     7 ||    12
 Armour: Skin              |    13 |    40 ||    53
  Dodge: Dodged            |    28 |    52 ||    80

Table legend: (Time is in decaauts)
 A = Elapsed time spent in this place.
 B = Non-inter-level travel time spent in this place.
 C = Inter-level travel time spent in this place.
 D = Time resting spent in this place.
 E = Time spent auto-exploring this place.
 F = Levels seen in this place.
 G = Mean time per level.
                   A        B        C        D        E       F      G
               +--------+--------+--------+--------+--------+-----+--------+
         Total |   3220 |   2977 |    243 |      0 |   2528 |   5 |  644.0 |
       Dungeon |   3220 |   2977 |    243 |      0 |   2528 |   5 |  644.0 |
               +--------+--------+--------+--------+--------+-----+--------+

Top non-repeatable levels by time:
     D:2: 904 daAuts
     D:4: 857 daAuts
     D:1: 838 daAuts
     D:3: 601 daAuts
     D:5: 19 daAuts
